 Dungeon Crawl Stone Soup version 0.28.0-43-g3370ac3207 (webtiles) character file.

Game seed: 9403142567479063471

2617 pkoi the Destroyer (level 9, -2/76 HPs)
             Began as an Octopode Conjurer on Mar 17, 2022.
             Was a Follower of Vehumet.
             Slain by a wyvern (4 damage)
             ... on level 8 of the Dungeon.
             The game lasted 00:14:15 (15354 turns).

pkoi the Destroyer (Octopode Conjurer)             Turns: 15354, Time: 00:14:16

Health: -2/76      AC: 24    Str: 12    XL:     9   Next: 60%
Magic:  0/13       EV:  2    Int: 24    God:    Vehumet [*.....]
Gold:   347        SH:  0    Dex: 10    Spells: 0/14 levels left

rFire   + . .      SeeInvis .   h - staff of conjuration
rCold   . . .      Faith    .   (no shield)
rNeg    . . .      Spirit   .   (helmet currently unavailable)
rPois   +          Reflect  .   (no amulet)
rElec   .          Harm     .   g - ring of protection from fire
rCorr   .          Rampage  .   n - +4 ring of evasion
Will    ++...      NoTele   +   m - ring of Okawaru's Respect {rPois Will+ Str+5}
Stlth   ++........              (no ring)
HPRegen 0.22/turn               (no ring)
MPRegen 0.13/turn               (no ring)
                                (no ring)
                                (no ring)

@: tree-form
A: stationary, stasis, torment immunity, boosted hp, almost no armour,
(amphibious), 8 rings, (camouflage 1), (gelatinous body 1), (nimble swimmer 1),
(tentacles), (tentacle spike 2), strong-willed 1
a: Renounce Religion


You were on level 8 of the Dungeon.
You worshipped Vehumet.
Vehumet was aware of your devotion.
You were a tree.
You visited 2 branches of the dungeon, and saw 9 of its levels.

You collected 347 gold pieces.

Inventory:

Hand Weapons
 a - a +1 whip of freezing
 d - a +0 spear of flaming
 k - a +0 dagger of speed
 l - a +2 short sword of draining
 s - a +4 shortbow
Missiles
 p - 4 poisoned darts
 t - 15 arrows
Magical Staves
 h - a staff of conjuration (weapon)
Jewellery
 g - a ring of protection from fire (left branch)
 m - the ring of Okawaru's Respect (on tentacle) {rPois Will+ Str+5}
   (You found it on level 7 of the Dungeon)

   [ring of willpower]

   Str:       It affects your strength (+5).
   rPois:     It protects you from poison.
   Will:      It increases your willpower.
 n - a +4 ring of evasion (right branch)
Scrolls
 i - 3 scrolls of identify
 o - a scroll of fear
 r - 2 scrolls of brand weapon
Potions
 b - a potion of attraction
 c - a potion of brilliance
 e - 4 potions of curing
 j - 2 potions of invisibility {unknown}
 q - a potion of might


   Skills:
 - Level 2.0 Dodging
 - Level 2.6 Stealth
 - Level 3.1 Spellcasting
 + Level 9.3 Conjurations
 + Level 5.5 Hexes
 + Level 7.1 Translocations


You couldn't memorise any spells.
You knew the following spells:

 Your Spells              Type           Power      Damage    Failure   Level
a - Magic Dart            Conj           100%       1d8       1%          1
b - Searing Ray           Conj           100%       2d8       1%          2
c - Iskenderun's Mystic   Conj/Tloc      60%        2d13      3%          4
d - Dazzling Flash        Conj/Hex       100%       N/A       1%          3
e - Fulminant Prism       Conj/Hex       28%        3d14      4%          4

Your spell library contained the following spells:

 Spells                   Type           Power      Damage    Failure   Level
 Freeze                   Ice            12%        1d4       11%         1
 Gell's Gravitas          Tloc           38%        N/A       1%          3
 Lesser Beckoning         Tloc           38%        N/A       1%          3
 Teleport Other           Tloc           38%        N/A       1%          3
 Summon Small Mammal      Summ           12%        N/A       11%         1
 Summon Guardian Golem    Hex/Summ       17%        N/A       11%         3
 Call Canine Familiar     Summ           3%         N/A       32%         3


Dungeon Overview and Level Annotations

Branches:
Dungeon (8/15)             Temple (1/1) D:4            Lair (0/6) D:8

Altars:
Ashenzari
Cheibriados
Dithmenos
Elyvilon
Fedhas
Gozag
Hepliaklqana
Kikubaaqudgha
Makhleb
Nemelex Xobeh
Okawaru
Qazlal
Ru
Sif Muna
Trog
Uskayaw
Vehumet
Wu Jian
Xom
Yredelemnul
Zin
The Shining One

Shops:
D:6 [

Annotations:
D:4 1 runed translucent door, exclusion: acid dragon, Crazy Yiuf
D:6 exclusion: centaur, Maggie
D:7 exclusion: acid dragon, Joseph


Innate Abilities, Weirdness & Mutations

You are a tree.
Your roots penetrate the ground, keeping you stationary.
You cannot be teleported.
You are immune to unholy pain and torment.
Your maximum health is greatly increased.
You cannot wear most types of armour.
((You are amphibious.))
You can wear up to eight rings at the same time.
((Your skin changes colour to match your surroundings (Stealth+).))
((Your rubbery body absorbs attacks. (AC +1, EV +1)))
((You are camouflaged when in or above water. (Stealth+)))
((You have tentacles for arms and can constrict up to eight enemies at once.))
((One of your tentacles bears a nasty spike.))
You are strong-willed. (Will+)


Message History

Casting: Iskenderun's Mystic Blast (dangerous; 3% risk of failure)
Confirm with . or Enter, or press ? or * to list all spells.
You don't have enough magic to cast this spell.
Unknown command.
You hit the wyvern but do no damage.
You pierce the wyvern, but do no damage.
The wyvern is heavily wounded.
The wyvern bites you!
* * * LOW HITPOINT WARNING * * *
The wyvern bites you!
* * * LOW HITPOINT WARNING * * *
Casting: Iskenderun's Mystic Blast (dangerous; 3% risk of failure)
Confirm with . or Enter, or press ? or * to list all spells.
You feel a surge of power!
You erupt in a blast of force!
The mystic blast hits the wyvern!
The wyvern is almost dead.
The wyvern is knocked back by the mystic blast.
Unknown command.
You aren't carrying any items that you can evoke.
Unknown command.
Okay, then.
You barely miss the wyvern.
The wyvern is almost dead.
The wyvern barely misses you. x2
You closely miss the wyvern.
You pierce the wyvern, but do no damage.
The wyvern is almost dead.
The wyvern closely misses you. The wyvern bites you!
* * * LOW HITPOINT WARNING * * *
Unknown command.
Really quaff the potion of lignification?
You turn into a tree.
Your roots penetrate the ground.
The wyvern bites you.
* * * LOW HITPOINT WARNING * * *
Unknown command.
You hit the wyvern.
The wyvern is almost dead.
The wyvern bites you.
* * * LOW HITPOINT WARNING * * *
The wyvern bites you.
You die...

######## #####......#
#..........# #..........#
+..........+
########.♣l.......##
.........###.......#
########.###..............
.......<..+..............
###########.......#.###..
....#.)....# ####.#.######
#.#.##.#### #.#........


You could see a wyvern.

Vanquished Creatures
  Pikel (D:4)
  A shadow (D:7)
  Menkaure (D:7)
  A water moccasin (D:6)
  3 ice beasts
  2 ogres
  A centaur (D:7)
  2 necrophages
  2 phantoms (D:6)
  A lemure (D:4)
  2 bullfrogs
  2 scorpions
  A water moccasin zombie (D:5)
  A howler monkey (D:4)
  3 hounds (D:6)
  A jelly (D:6)
  2 centaur zombies
  A bullfrog skeleton (D:6)
  A gnoll shaman (D:7)
  An iguana (D:5)
  3 orc wizards
  Natasha (twice) (D:2)
  A howler monkey zombie (D:4)
  5 gnolls (D:7)
  6 adders
  2 white imps (D:7)
  A worm (D:2)
  3 dart slugs
  18 orcs
  8 ball pythons
  5 endoplasms
  3 giant cockroaches
  5 goblins
  5 hobgoblins
  4 jackals (D:2)
  A quokka (D:4)
  9 bats
  4 frilled lizards
  8 kobolds
  5 rats
128 creatures vanquished.

Vanquished Creatures (others)
  A fulminant prism (D:7)
  2 fungi
  19 plants
22 creatures vanquished.

Grand Total: 150 creatures vanquished

Notes
Turn   | Place    | Note
-------+----------+-------------------------------------------
     0 | D:1      | pkoi the Octopode Conjurer began the quest for the Orb.
     0 | D:1      | Reached XP level 1. HP: 11/11 MP: 3/3
   545 | D:1      | Reached XP level 2. HP: 17/17 MP: 3/5
   681 | D:1      | Learned a level 2 spell: Searing Ray
  1807 | D:2      | Reached XP level 3. HP: 21/21 MP: 1/6
  1879 | D:2      | Reached skill level 5 in Conjurations
  2058 | D:2      | Noticed Natasha
  2223 | D:2      | Killed Natasha
  2280 | D:2      | Reached XP level 4. HP: 27/27 MP: 5/7
  2778 | D:2      | Found a faded altar of an unknown god.
  2897 | D:2      | Noticed Natasha
  2900 | D:2      | Killed Natasha
  2901 | D:2      | Reached skill level 6 in Conjurations
  3193 | D:2      | Learned a level 4 spell: Iskenderun's Mystic Blast
  3690 | D:3      | Reached XP level 5. HP: 31/31 MP: 1/8
  4399 | D:4      | Noticed an orc warrior
  4799 | D:3      | Reached skill level 1 in Translocations
  5090 | D:4      | Noticed an acid dragon
  5509 | D:4      | Found a staircase to the Ecumenical Temple.
  5588 | Temple   | Entered the Ecumenical Temple
  5817 | Temple   | Became a worshipper of Vehumet
  5928 | D:4      | Found a burning altar of Makhleb.
  6160 | D:4      | Found a runed translucent door.
  6161 | D:4      | Noticed Crazy Yiuf
  6429 | D:5      | Entered Level 5 of the Dungeon
  6470 | D:5      | Reached XP level 6. HP: 28/36 MP: 2/9
  7364 | D:4      | Reached skill level 7 in Conjurations
  7743 | D:4      | Found a broken altar of Ashenzari.
  7966 | D:4      | Found a sacrificial altar of Ru.
  8375 | D:5      | Noticed a necrophage
  8389 | D:5      | Killed a necrophage
  8390 | D:5      | Reached XP level 7. HP: 35/41 MP: 1/10
  8465 | D:5      | Learned a level 3 spell: Dazzling Flash
  8531 | D:5      | Reached skill level 1 in Hexes
  8966 | D:5      | Noticed Pikel
  9423 | D:4      | Gained mutation: One of your tentacles bears a spike.
                  | [potion of mutation]
  9423 | D:4      | Gained mutation: One of your tentacles bears a nasty spike.
                  | [potion of mutation]
  9423 | D:4      | Gained mutation: You are strong-willed. (Will+) [potion of
                  | mutation]
  9435 | D:4      | Killed Pikel
  9436 | D:4      | Reached skill level 8 in Conjurations
  9436 | D:4      | Reached skill level 5 in Translocations
  9436 | D:4      | Reached XP level 8. HP: 26/46 MP: 11/11
 10067 | D:6      | Identified a scroll of acquirement
 10067 | D:6      | Acquired a staff of conjuration
 10675 | D:6      | Found Hyho Lozor's Antique Armour Boutique.
 11315 | D:6      | Reached XP level 9. HP: 40/51 MP: 0/13
 11655 | D:6      | Noticed Maggie
 11864 | D:7      | Identified the ring of Okawaru's Respect {rPois Will+
                  | Str+5}
 11892 | D:7      | Noticed Menkaure
 11902 | D:7      | Killed Menkaure
 12457 | D:7      | Learned a level 4 spell: Fulminant Prism
 12512 | D:7      | Reached skill level 9 in Conjurations
 12776 | D:7      | Reached skill level 5 in Hexes
 13054 | D:7      | Reached * piety under Vehumet
 13054 | D:7      | Offered knowledge of Freeze by Vehumet.
 14619 | D:7      | Noticed Joseph
 15048 | D:8      | Found a staircase to the Lair.
 15354 | D:8      | HP: 2/76 [wyvern (6)]
 15354 | D:8      | Slain by a wyvern

Illustrated notes

Levels and vault maps discovered:
D:1:      sevenhm_arrival_forest_fort_small_1, layout_basic
D:2:      layout_loops_ring, hellmonk_ecumenical_altar_heavens_door,
          uniq_natasha
D:3:      layout_basic, kennysheep_flooded_box
D:4:      layout_loops_corners, mainiacjoe_overflow_big_doors, kennysheep_mini,
          minmay_temple_entry_enclosed_plants, serial_glass, glass_columns_a,
          glass_columns_a, uniq_crazy_yiuf_cottage
D:5:      layout_rooms, hangedman_abyss_or_decor_stabs, uniq_pikel
D:6:      layout_basic, serial_shops, nicolae_take_the_stairs, uniq_maggie
D:7:      layout_loops_ring, kennysheep_donut, uniq_menkaure, uniq_joseph
D:8:      layout_basic, minmay_lair_entry_grove, grunt_ministairs_15,
          uniq_harold, uniq_psyche, uniq_gastronok, uniq_maurice
Temple:   mainiacjoe_temple_bowtie_tessellation

Skill      XL: |  1  2  3  4  5  6  7  8  9 |
---------------+----------------------------+-----
Conjurations   | 5 6 7 8 9 |  9.3
Translocations | 2 3 5 6 7 |  7.1
Hexes          | 3 4 5 |  5.5
Spellcasting   | 3 |  3.1
Dodging        | |  2.0
Stealth        | |  2.6

Action                   |  1- 3 |  4- 6 |  7- 9 || total
-------------------------+-------+-------+-------++-------
Melee: Constrict         |     1 |     5 |     1 ||     7
       Tentacles         |     1 |     3 |     2 ||     6
       Unarmed           |     1 |       |       ||     1
       Spear             |       |    11 |       ||    11
       Dagger            |       |     8 |       ||     8
       Punch             |       |     1 |       ||     1
       Short sword       |       |     1 |    17 ||    18
       Staff             |       |       |     7 ||     7
       Kick              |       |       |     3 ||     3
 Cast: Magic Dart        |    58 |   116 |   140 ||   314
       Searing Ray       |     1 |    10 |    24 ||    35
       Iskenderun's Myst |       |       |     4 ||     4
       Fulminant Prism   |       |       |     2 ||     2
  Use: Scroll            |       |     7 |     6 ||    13
       Potion            |       |       |     7 ||     7
Armor: Skin              |       |     4 |    24 ||    28
Dodge: Dodged            |     3 |    36 |    89 ||   128
